 Dungeon Sprint DCSS version 0.21.0-25-ge575cb9 (webtiles) character file.

151 wojtek the Cleaver (level 5, -7/51 HPs)
             Began as a Minotaur Berserker on Jan 23, 2018.
             Was an Elder of Trog.
             Killed from afar by a deep elf mage (43 damage)
             ... with a bolt of fire
             ... in the Dungeon (Sprint III: "The Ten Rune Challenge").
             The game lasted 00:01:17 (604 turns).

wojtek the Cleaver (Minotaur Berserker)              Turns: 604, Time: 00:01:17

Health: -7/51      AC:  3    Str: 22    XL:     5   Next: 10%
Magic:  4/4        EV: 14    Int:  4    God:    Trog [****..]
Gold:   21         SH:  0    Dex: 10    Spells: 4/4 levels left

rFire    . . .     SeeInvis .   a - +0 hand axe
rCold    . . .     Gourm    .   (no shield)
rNeg     . . .     Faith    .   b - +0 animal skin
rPois    .         Spirit   .   (helmet restricted)
rElec    .         Reflect  .   j - +0 cloak
rCorr    .         Harm     .   (no gloves)
MR       .....     NoTele   +   (no boots)
Stlth    +.........             (no amulet)
HPRegen  0.17/turn              (no ring)
MPRegen  0.09/turn              (no ring)

@: no status effects
A: retaliatory headbutt, horns 2
a: Berserk, Trog's Hand, Brothers in Arms, Burn Spellbooks, Renounce Religion


You were in the Dungeon.
You worshipped Trog.
Trog was greatly pleased with you.
You were not hungry.

You visited 1 branch You collected 21 gold pieces.

Inventory:

Hand Weapons
 a - a +0 hand axe (weapon)
Armour
 b - a +0 animal skin (worn)
 j - a +0 cloak (worn)
Scrolls
 i - a scroll of blinking
 k - 3 scrolls of identify
 m - 2 scrolls of holy word {unknown}
 n - 3 scrolls of remove curse {unknown}
Potions
 d - a potion of curing
 e - a potion of heal wounds
 f - a potion of haste
 g - 2 potions of magic
 h - a potion of berserk rage
 l - 4 potions of mutation {unknown}
 o - 2 potions of lignification {unknown}
 p - a potion of flight {unknown}
Books
 r - a book of Misfortune

   Spells                             Type                      Level
   a - Confusing Touch                Hexes                        1
   b - Confuse                        Hexes                        3
   c - Gell's Gravitas                Translocation                3
   d - Petrify                        Transmutation/Earth          4
   e - Metabolic Englaciation         Hexes/Ice                    5
   f - Yara's Violent Unravelling     Hexes/Transmutation          5
   Trog disapproves of the use of such an item.
Comestibles
 c - 2 rations


   Skills:
 + Level 6.5 Fighting
 * Level 8.6 Axes
 + Level 5.9 Armour
 + Level 5.4 Dodging


You had 4 spell levels left.
You didn't know any spells.

Dungeon Overview and Level Annotations

Branches:
Dungeon (1/1)

Altars:
Elyvilon
Kikubaaqudgha
Sif Muna
Vehumet
Zin
The Shining One


Innate Abilities, Weirdness & Mutations

You reflexively headbutt those who attack you in melee.
You have a pair of horns on your head.


Message History

The sticky flame hits you!
You are covered in liquid flames!
You hit the deep elf mage.
The deep elf mage is heavily wounded.
You are covered in liquid flames!
The deep elf mage is engulfed in blazing flames.
The deep elf mage drinks a potion.
The deep elf mage is healed!
You barely miss the deep elf mage. You headbutt the deep elf mage!
The deep elf mage is heavily wounded.
You are covered in liquid flames!
The deep elf mage is engulfed in blazing flames.
The deep elf mage gestures wildly while chanting.
The deep elf mage blinks!
You are covered in liquid flames!
You are covered in liquid flames!
The deep elf mage casts a spell.
The deep elf mage points at you and mumbles some strange words.
The bolt of fire hits you!
Ouch! That really hurt!
You die...

▓▓▓▓ ▓▓▓ ...####
##.#####
......#####..#_§§#
.......#..#..#§Ee#
#.##...#..#..###@#+###+
#.###..##'#..#..........
##.##..###...'.⌠........
..##..####...#...######+
..##..###....#.⌠.#
.##...##.....#...#
##....#.)....#)###
##..##.#.....#)..#
#..#####....#___#


You could see a deep elf mage and a fire elemental.

Vanquished Creatures
  A water elemental (D)
  Crazy Yiuf (D)
  A wizard (D)
  A human (D)
  A kobold demonologist (D)
  An ooze (D)
  3 rats (D)
9 creatures vanquished.

Vanquished Creatures (others)
  2 draconian scorchers (D)
  6 hellions (D)
  A yaktaur (D)
  2 plants (D)
11 creatures vanquished.

Grand Total: 20 creatures vanquished

Notes
Turn   | Place    | Note
-------+----------+-------------------------------------------
     0 | D        | wojtek the Minotaur Berserker began the quest for the Orb.
     0 | D        | Reached XP level 1. HP: 19/19 MP: 0/0
     8 | D        | Reached skill level 4 in Axes
    36 | D        | Reached ** piety under Trog
    89 | D        | Reached skill level 5 in Axes
    89 | D        | Reached XP level 2. HP: 6/28 MP: 1/1
    94 | D        | Killed a hellion
    94 | D        | Killed a hellion
    99 | D        | Killed a hellion
   118 | D        | Killed a yaktaur
   130 | D        | Killed a hellion
   168 | D        | Killed a hellion
   170 | D        | Killed a hellion
   173 | D        | Killed a white draconian scorcher
   271 | D        | Killed a white draconian scorcher
   355 | D        | Noticed Crazy Yiuf
   359 | D        | Killed Crazy Yiuf
   359 | D        | Reached skill level 5 in Fighting
   359 | D        | Reached skill level 6 in Axes
   359 | D        | Reached XP level 3. HP: 36/36 MP: 2/2
   408 | D        | Noticed a water elemental
   412 | D        | Killed a water elemental
   412 | D        | Reached *** piety under Trog
   412 | D        | Reached skill level 7 in Axes
   412 | D        | Reached skill level 5 in Armour
   412 | D        | Reached XP level 4. HP: 22/44 MP: 3/3
   518 | D        | Found a radiant altar of Vehumet.
   518 | D        | Found a deep blue altar of Sif Muna.
   518 | D        | Found an ancient bone altar of Kikubaaqudgha.
   518 | D        | Noticed a wizard
   519 | D        | Killed a wizard
   519 | D        | Reached skill level 8 in Axes
   519 | D        | Reached skill level 5 in Dodging
   522 | D        | Noticed a neqoxec
   523 | D        | Reached **** piety under Trog
   523 | D        | Reached XP level 5. HP: 51/51 MP: 4/4
   588 | D        | Found a glowing silver altar of Zin.
   589 | D        | Found a glowing golden altar of the Shining One.
   589 | D        | Found a white marble altar of Elyvilon.
   589 | D        | Noticed a deep elf mage
   604 | D        | Noticed a fire elemental
   604 | D        | Killed from afar by a deep elf mage

Skill      XL: |  1  2  3  4 |
---------------+-------------+-----
Fighting       | 4 5 6 |  6.5
Axes           | 5 6 7 8 |  8.6
Armour         | 3 4 5 |  5.9
Dodging        | 3 4 5 |  5.4

Action                   |  1- 3 |  4- 6 || total
-------------------------+-------+-------++-------
Melee: Hand axe          |    19 |     4 ||    23
       Headbutt          |     2 |     2 ||     4
Invok: Berserk           |     3 |     1 ||     4
       Burn Spellbooks   |       |     1 ||     1
  Eat: Ration            |       |     1 ||     1
Dodge: Dodged            |     8 |     1 ||     9
